 Dungeon Crawl Stone Soup version 0.30.1-11-g7821555f0a (webtiles) character file.

Game seed: 11505720518305749319

11 comborobin the Sneak (level 2, -1/26 HPs)
             Began as a Hill Orc Delver on Dec 23, 2023.
             Slain by Duvessa
             ... wielding a +0 short sword
              (4 damage)
             ... on level 4 of the Dungeon.
             The game lasted 00:00:43 (259 turns).

comborobin the Sneak (Hill Orc Delver)               Turns: 259, Time: 00:00:44

Health: -1/26      AC:  6    Str: 14    XL:     2   Next: 29%
Magic:  2/2        EV: 10    Int: 10    God:
Gold:   10         SH:  0    Dex: 12    Spells: 1/1 levels left

rFire   . . .        a - +0 hand axe
rCold   . . .        (no shield)
rNeg    . . .        h - +0 ring mail
rPois   .            (no helmet)
rElec   .            (no cloak)
rCorr   .            (no gloves)
SInv    .            i - +0 pair of boots
Will    .....        (no amulet)
Stlth   ++           (no ring)
HPRegen 0.24/turn    (no ring)
MPRegen 0.08/turn

%: no passive effects
@: attractive, hasted, very quick
A: no striking features
a: no special abilities


You were on level 4 of the Dungeon.
You visited 1 branch of the dungeon, and saw 2 of its levels.

You collected 10 gold pieces.

Inventory:

Hand Weapons
 a - a +0 hand axe (weapon)
Armour
 b - a +0 leather armour
 h - a +0 ring mail (worn)
 i - a +0 pair of boots (worn)
Wands
 g - a wand of digging (3)
Scrolls
 c - a scroll of fog
 d - a scroll of magic mapping
Potions
 f - a potion of haste


   Skills:
 - Level 3.6 Fighting
 + Level 3.9 Axes
 - Level 1.5 Dodging
 - Level 4.1 Stealth


You had one spell level left.
You didn't know any spells.
Your spell library was empty.

Dungeon Overview and Level Annotations

Branches:
Dungeon (5/15)
 Temple: D:4-7

Altars:

Annotations:
D:4 Dowan, Duvessa


Message History

You hit Duvessa but do no damage.
Duvessa is moderately wounded.
Dowan says, "My weaknesses are her strengths!"
You hit Duvessa but do no damage.
Duvessa is moderately wounded.
Dowan gestures wildly while chanting.
Dowan blinks!
Duvessa closely misses you.
Throw: dart (curare)
Press: ? - help, Q - select action Shift-Dir - straight line, f/p - Duvessa
Aim: Duvessa, wielding a +0 short sword and wearing a +0 leather armour (moderately wounded, slow, 61% to hit)
You throw a curare-tipped dart.
The curare-tipped dart barely misses Duvessa.
Unknown command.
You closely miss Dowan.
Dowan is moderately wounded.
You barely miss Duvessa. Duvessa hits you with a +0 short sword.
Dowan hits you with a +0 dagger.
You hit Dowan.
Dowan is heavily wounded.
You hit Duvessa but do no damage. Duvessa hits you with a +0 short sword.
You feel yourself speed up. Dowan hits you but does no damage.
It was a potion of attraction.
You feel attractive to monsters.
You hear the brisk hiss of a very distant avalanche of sand.
Duvessa hits you with a +0 short sword!
* * * LOW HITPOINT WARNING * * *
As you read the scroll of fear, it crumbles to dust.
You assume a fearsome visage.
Duvessa resists with almost no effort.
Dowan resists with some effort.
Dowan says, "Stay away from my face!"
Dowan casts a spell.
Dowan blinks!
Dowan is attracted toward you.
Unknown command.
Unknown command.
Okay, then.
Unknown command.
You hit Duvessa but do no damage.
Duvessa is moderately wounded.
Duvessa hits you with a +0 short sword.
You die...

##+# ### ### ##...##
#).... ##.....##
#.#.# ##.......##
#..# #.........###.##
#.#
+.........§@e((#.....
#.........###.....#
#......e## #.......#
##.....## ##.##.###
##..§## #. # ##'## ##
###.###### #........#
#.#.####.#


You could see Duvessa (slow) and Dowan (poisoned, slow).

Vanquished Creatures
  A dart slug (D:4)
  An endoplasm (D:4)
  4 jackals (D:4)
  2 ball pythons (D:4)
8 creatures vanquished.

Notes
Turn   | Place    | Note
-------+----------+-------------------------------------------
     0 | D:5      | comborobin the Hill Orc Delver began the quest for the Orb.
     0 | D:5      | Reached XP level 1. HP: 19/19 MP: 1/1
   164 | D:4      | Reached XP level 2. HP: 23/26 MP: 2/2
   239 | D:4      | Noticed Dowan
   241 | D:4      | Noticed Duvessa
   259 | D:4      | Slain by Duvessa

Illustrated notes

Levels and vault maps discovered:
D:4:      layout_loops_corners, mainiacjoe_overflow_concentric_impassable,
          mainiacjoe_overflow_chevrons, minmay_temple_entry_slanted,
          enter_ossuary_2, fountainhead, uniq_duvessa
D:5:      layout_loops_ring, grunt_ashenzari_visionary
          [grunt_ashenzari_visionary_swamp, grunt_ashenzari_visionary_spider],
          nicolae_ru_sacrificial_ziggurat, nicolae_overflow_hidden_temple,
          minivault_4, hangedman_decor_opposing,
          nicolae_concentric_dashed_squares_wild

Skill      XL: |  1 |
---------------+----+-----
Axes           | 3 |  3.9
Fighting       | |  3.6
Dodging        | |  1.5
Stealth        | |  4.1

Action                     || total
---------------------------++-------
  Melee: Hand axe          ||    33
  Throw: Dart              ||     6
    Use: Potion            ||     2
         Scroll            ||     1
 Armour: Ring mail         ||    20
  Dodge: Dodged            ||    17
